 Dungeon Crawl Stone Soup version 0.29.1-12-g30fa7ad0bf (webtiles) character file.

Game seed: 1020788351692477452

2 MoronicCinamun2 the Firebug (level 1, -1/11 HPs)
             Began as a Vine Stalker Cinder Acolyte on Jan 2, 2023.
             Was a High Priest of Ignis.
             Slain by a giant cockroach (2 damage)
             ... on level 1 of the Dungeon.
             The game lasted 00:04:44 (218 turns).

MoronicCinamun2 the Firebug (VSCA)                   Turns: 218, Time: 00:04:44

Health: -1/11      AC:  2    Str: 16    XL:     1   Next: 30%
Magic:  0/3        EV: 11    Int: 14    God:    Ignis [*****.]
Gold:   26         SH:  0    Dex:  9    Spells: 2/2 levels left

rFire   + . .      SeeInvis .   a - -1 falchion (flame)
rCold   . . .      Faith    .   (no shield)
rNeg    . . .      Spirit   +   d - +0 robe
rPois   .          Reflect  .   (no helmet)
rElec   .          Harm     .   (no cloak)
rCorr   .          Rampage  .   (no gloves)
Will    .....                   (no boots)
Stlth   +.........              (no amulet)
HPRegen 0.03/turn               (no ring)
MPRegen 0.08/turn               (no ring)

@: no status effects
A: fangs 2, magic shield, antimagic bite, no potion heal 2
a: Renounce Religion, Fiery Armour, Foxfire Swarm, Rising Flame


You were on level 1 of the Dungeon.
You worshipped Ignis.
Ignis was extremely pleased with you.
You visited 1 branch of the dungeon, and saw 1 of its levels.

You collected 26 gold pieces.

Inventory:

Hand Weapons
 a - a -1 falchion of flaming (weapon)
 b - a +0 short sword
Armour
 d - a +0 robe (worn)
Potions
 c - a potion of curing {unknown}


   Skills:
 + Level 2.7 Fighting
 * Level 2.8 Long Blades
 - Level 1.1 Spellcasting
 - Level 3.0 Fire Magic


You had 2 spell levels left.
You didn't know any spells.
Your spell library contained the following spells:

 Spells                   Type           Power      Damage    Failure   Level
 Scorch                   Fire           18%        2d5       12%         2


Dungeon Overview and Level Annotations

Branches:
Dungeon (1/15)

Altars:


Innate Abilities, Weirdness & Mutations

You have extremely sharp teeth.
When hurt, damage is shared between your health and your magic reserves.
Your bite disrupts and absorbs the magic of your enemies.
Potions cannot restore your health.


Message History

You are too injured to fight recklessly!
You are too injured to fight recklessly!
You barely miss the giant cockroach.
The giant cockroach is heavily wounded.
The giant cockroach bites you. The giant cockroach misses you.
The giant cockroach attacks as you move away!
The giant cockroach bites you but does no damage.
The giant cockroach barely misses you.
You hit the giant cockroach but do no damage.
The giant cockroach is moderately wounded.
The giant cockroach completely misses you.
Press: ? - help, v - describe, . - travel
Here: a giant cockroach (moderately wounded)
The floor.
The giant cockroach attacks as you move away!
The giant cockroach bites you.
Your -1 falchion of flaming bursts into flame!
a - a -1 falchion of flaming (weapon)
The giant cockroach bites you but does no damage.
You hit the giant cockroach but do no damage.
The giant cockroach is moderately wounded.
The giant cockroach bites you.
* * * LOW HITPOINT WARNING * * *
The giant cockroach attacks as you move away!
The giant cockroach bites you.
* * * LOW HITPOINT WARNING * * *
The giant cockroach closely misses you.
The giant cockroach attacks as you move away!
The giant cockroach bites you.
* * * LOW HITPOINT WARNING * * *
The giant cockroach attacks as you move away!
The giant cockroach bites you.
A goblin comes into view. It is wielding a +0 club.
The goblin shouts!
The giant cockroach barely misses you.
The giant cockroach attacks as you move away!
The giant cockroach misses you.
The giant cockroach attacks as you move away!
The giant cockroach bites you.
You die...

#...##..# #...##..#
#.<.##..# #...##..#
#...##^.# ######..#
######..## #......#.#
###.####@# #.# #B#
.######.## #.#
.........###.#
##########†.#...#
#......†....#.######
#.######.#.........g.
##.#.....##...
##......#


You could see a giant cockroach.

Vanquished Creatures
  A kobold (D:1)
  A rat (D:1)
2 creatures vanquished.

Notes
Turn   | Place    | Note
-------+----------+-------------------------------------------
     0 | D:1      | MoronicCinamun2 the Vine Stalker Cinder Acolyte began the
                  | quest for the Orb.
     0 | D:1      | Reached XP level 1. HP: 11/11 MP: 3/3
   218 | D:1      | Slain by a giant cockroach

Illustrated notes

Levels and vault maps discovered:
D:1:      dpeg_arrival_rooms_a, layout_loops_ring, serial_shops, shop,
          nicolae_shop_temple_entry_statues_fountains,
          nicolae_shop_window_shopping, chequers_ecumenical_altar_twisty,
          minmay_surrounded

Action                   || total
-------------------------++-------
Melee: Short sword       ||    19
       Falchion          ||     3
       Bite              ||     2
Throw: Stone             ||     3
Armor: Robe              ||     8
Dodge: Dodged            ||    14
